| TOP OF THE 1ST |
|
St. Petersburg Saints batting - Pitching for Fort Myers Palms : LHP Mel Estrada
|
|
Pitching: LHP Mel Estrada
|
|
|
Batting: RHB Jeff Pyburn
|
0-0: Foul Ball, location: 2F 0-1: Ball 1-1: Ball 2-1: SINGLE (Line Drive, 8RS, EV 90.0 MPH)
|
|
Batting: RHB Pablo Carballo
|
0-0: Ball 1-0: Ball 2-0: Ball 3-0: Called Strike 3-1: Base on Balls Jeff Pyburn to second
|
|
Batting: LHB Terry Blocker
|
0-0: Ball 1-0: Swinging Strike 1-1: Called Strike 1-2: Foul Ball, location: 2F 1-2: Foul Ball, location: 2F 1-2: Strikes out swinging
|
|
Batting: RHB Rock Coyle
|
0-0: Ball Jeff Pyburn steals 3rd base Pablo Carballo to second 1-0: Ball 2-0: Ball 3-0: Base on Balls
|
|
Batting: RHB Ric Despaux
|
0-0: Ball 1-0: Foul Ball, location: 2F 1-1: Ball 2-1: Ball 3-1: Foul Ball, location: 2F 3-2: Foul Ball, location: 2F 3-2: Base on Balls Jeff Pyburn scores Pablo Carballo to third Rock Coyle to second
|
|
Batting: RHB Jerry Johnson
|
0-0: Foul Ball, location: 2F 0-1: Called Strike 0-2: Foul Ball, location: 2F 0-2: Fly out, F7 (Line Drive, 7, EV 99.4 MPH)
|
|
Batting: RHB Randy Ingle
|
0-0: Foul Ball, location: 2F 0-1: Ball 1-1: Ball 2-1: Fly out, F4 (Line Drive, 4, EV 75.0 MPH)
|
| Top of the 1st over - 1 run, 1 hit, 0 errors, 3 left on base; St. Petersburg 1 - Fort Myers 0 |
| BOTTOM OF THE 1ST |
|
Fort Myers Palms batting - Pitching for St. Petersburg Saints : RHP Gerardo Moreno
|
|
Pitching: RHP Gerardo Moreno
|
|
|
Batting: RHB Stanley Baker
|
0-0: Ball 1-0: Called Strike 1-1: Fly out, F4 (Popup, 13, EV 90.0 MPH)
|
|
Batting: RHB Johnny Evans
|
0-0: Fly out, F7 (Flyball, 7D, EV 105.6 MPH)
|
|
Batting: LHB Gus Burgess
|
0-0: Swinging Strike 0-1: Ball 1-1: Foul Ball, location: 2F 1-2: Ball 2-2: Ball 3-2: SINGLE (Groundball, 4M, EV 105.0 MPH) (infield hit)
|
|
Batting: LHB James Atkinson
|
0-0: Called Strike Gus Burgess steals 2nd base 0-1: Ball 1-1: SINGLE (Line Drive, 6MD, EV 97.5 MPH) Gus Burgess to third Runner from 3rd tries for Home, SAFE, throw by CF to home
|
|
Batting: RHB Matt Sinatro
|
0-0: Ball 1-0: Ball 2-0: Fly out, F8 (Flyball, 89XD, EV 97.5 MPH)
|
| Bottom of the 1st over - 1 run, 2 hits, 0 errors, 1 left on base; St. Petersburg 1 - Fort Myers 1 |
| TOP OF THE 2ND |
|
St. Petersburg Saints batting - Pitching for Fort Myers Palms : LHP Mel Estrada
|
|
Batting: RHB Joe Lansford
|
0-0: Ball 1-0: Ground out 1-3 (Groundball, 15S, EV 70.6 MPH)
|
|
Batting: RHB Roberto Alvarez
|
0-0: SINGLE (Line Drive, 8LM, EV 93.1 MPH)
|
|
Batting: RHB Jeff Pyburn
|
0-0: SINGLE (Groundball, 56S, EV 61.9 MPH) (infield hit) Roberto Alvarez to second
|
|
Batting: RHB Pablo Carballo
|
0-0: Ball Roberto Alvarez is caught stealing 3rd base 2-5 Jeff Pyburn to second 1-0: Called Strike 1-1: Ground out 5-3 (Groundball, 56, EV 83.1 MPH)
|
| Top of the 2nd over - 0 runs, 2 hits, 0 errors, 1 left on base; St. Petersburg 1 - Fort Myers 1 |
| BOTTOM OF THE 2ND |
|
Fort Myers Palms batting - Pitching for St. Petersburg Saints : RHP Gerardo Moreno
|
|
Batting: RHB Carl Nichols
|
0-0: Called Strike 0-1: Foul Ball, location: 2F 0-2: Strikes out swinging
|
|
Batting: SHB Porter Wyatt
|
0-0: Swinging Strike 0-1: Called Strike 0-2: Ball 1-2: Fly out, F6 (Popup, 6MS, EV 71.9 MPH)
|
|
Batting: RHB Jay Greb
|
0-0: Ball 1-0: TRIPLE (Flyball, 8RXD, EV 94.4 MPH)
|
|
Batting: RHB Paul Fryer
|
0-0: Ball 1-0: Single, Error in OF, E7, batter to second base (Groundball, 56, EV 95.0 MPH) Jay Greb scores
|
|
Batting: RHB Stanley Baker
|
0-0: Ball 1-0: Ball 2-0: Fly out, F9 (Flyball, 89D, EV 76.9 MPH)
|
| Bottom of the 2nd over - 1 run, 2 hits, 1 error, 1 left on base; St. Petersburg 1 - Fort Myers 2 |
| TOP OF THE 3RD |
|
St. Petersburg Saints batting - Pitching for Fort Myers Palms : LHP Mel Estrada
|
|
Batting: LHB Terry Blocker
|
0-0: Ball 1-0: Called Strike 1-1: Called Strike 1-2: Strikes out swinging
|
|
Batting: RHB Rock Coyle
|
0-0: Ball 1-0: Swinging Strike 1-1: Called Strike 1-2: Fly out, F7 (Flyball, 7LM, EV 97.5 MPH)
|
|
Batting: RHB Ric Despaux
|
0-0: Swinging Strike 0-1: Ball 1-1: Ball 2-1: SINGLE (Line Drive, 9S, EV 100.6 MPH)
|
|
Batting: RHB Jerry Johnson
|
0-0: Ball 1-0: Called Strike Ric Despaux is caught stealing 2nd base 2-4
|
| Top of the 3rd over - 0 runs, 1 hit, 0 errors, 0 left on base; St. Petersburg 1 - Fort Myers 2 |
| BOTTOM OF THE 3RD |
|
Fort Myers Palms batting - Pitching for St. Petersburg Saints : RHP Gerardo Moreno
|
|
Batting: RHB Johnny Evans
|
0-0: Called Strike 0-1: Ball 1-1: Foul Ball, location: 2F 1-2: Ball 2-2: Ground out 4-3 (Groundball, 34, EV 90.0 MPH)
|
|
Batting: LHB Gus Burgess
|
0-0: Called Strike 0-1: SINGLE (Groundball, 23, EV 70.0 MPH) (infield hit)
|
|
Batting: LHB James Atkinson
|
0-0: Called Strike 0-1: Ball 1-1: Ball Gus Burgess is caught stealing 2nd base 2-6 2-1: Swinging Strike 2-2: Ball 3-2: Base on Balls
|
|
Batting: RHB Matt Sinatro
|
0-0: Called Strike 0-1: DOUBLE (Flyball, 89D, EV 91.9 MPH) James Atkinson to third Runner from 3rd tries for Home, SAFE, throw by CF to home
|
|
Batting: RHB Carl Nichols
|
0-0: Fly out, F8 (Flyball, 8LD, EV 93.8 MPH)
|
| Bottom of the 3rd over - 1 run, 2 hits, 0 errors, 1 left on base; St. Petersburg 1 - Fort Myers 3 |
| TOP OF THE 4TH |
|
St. Petersburg Saints batting - Pitching for Fort Myers Palms : LHP Mel Estrada
|
|
Batting: RHB Jerry Johnson
|
0-0: Ground out 6-3 (Groundball, 56, EV 85.6 MPH)
|
|
Batting: RHB Randy Ingle
|
0-0: Ball 1-0: Called Strike 1-1: SINGLE (Line Drive, 7S, EV 95.0 MPH)
|
|
Batting: RHB Joe Lansford
|
0-0: Called Strike 0-1: Fly out, F9 (Flyball, 9, EV 81.3 MPH)
|
|
Batting: RHB Roberto Alvarez
|
0-0: Ball 1-0: Called Strike 1-1: Foul Ball, location: 2F 1-2: Ball 2-2: Foul Ball, location: 2F 2-2: Foul Ball, location: 2F 2-2: Fielders Choice at 2nd, 5-4 (Groundball, 5, EV 84.4 MPH)
|
| Top of the 4th over - 0 runs, 1 hit, 0 errors, 1 left on base; St. Petersburg 1 - Fort Myers 3 |
| BOTTOM OF THE 4TH |
|
Fort Myers Palms batting - Pitching for St. Petersburg Saints : RHP Gerardo Moreno
|
|
Batting: SHB Porter Wyatt
|
0-0: Foul Ball, location: 2F 0-1: Ball 1-1: Foul Ball, location: 2F 1-2: Strikes out swinging
|
|
Batting: RHB Jay Greb
|
0-0: SINGLE (Groundball, P, EV 87.5 MPH) (infield hit)
|
|
Batting: RHB Paul Fryer
|
0-0: Ball Jay Greb steals 2nd base (no throw) 1-0: Ball 2-0: Fly out, F6 (Line Drive, 6, EV 74.4 MPH)
|
|
Batting: RHB Stanley Baker
|
0-0: Called Strike 0-1: Called Strike 0-2: Ball 1-2: Foul Ball, location: 2F 1-2: Ball 2-2: Foul Ball, location: 2F 2-2: Ground out 5-3 (Groundball, 56, EV 103.8 MPH)
|
| Bottom of the 4th over - 0 runs, 1 hit, 0 errors, 1 left on base; St. Petersburg 1 - Fort Myers 3 |
| TOP OF THE 5TH |
|
St. Petersburg Saints batting - Pitching for Fort Myers Palms : LHP Mel Estrada
|
|
Batting: RHB Jeff Pyburn
|
0-0: SINGLE (Groundball, 56D, EV 97.5 MPH)
|
|
Batting: RHB Pablo Carballo
|
0-0: Bunted foul 0-1: Bunted foul 0-2: Foul Ball, location: 2F 0-2: Ball 1-2: Foul Ball, location: 2F 1-2: Ball 2-2: Foul Ball, location: 2F 2-2: Foul Ball, location: 2F 2-2: Fielders Choice at 2nd, 1-6 (Groundball, 13, EV 63.1 MPH)
|
|
Batting: LHB Terry Blocker
|
0-0: Ball 1-0: Ball 2-0: Ball 3-0: SINGLE (Groundball, 34, EV 102.5 MPH) Pablo Carballo to second Runner from 2nd tries for 3rd, OUT! 9-5 Terry Blocker to second
|
|
Batting: RHB Rock Coyle
|
0-0: Fly out, F9 (Flyball, 9, EV 82.5 MPH)
|
| Top of the 5th over - 0 runs, 2 hits, 0 errors, 1 left on base; St. Petersburg 1 - Fort Myers 3 |
| BOTTOM OF THE 5TH |
|
Fort Myers Palms batting - Pitching for St. Petersburg Saints : RHP Gerardo Moreno
|
|
Batting: RHB Johnny Evans
|
0-0: Ball 1-0: Ground out 3-1 (Groundball, 34S, EV 90.0 MPH)
|
|
Batting: LHB Gus Burgess
|
0-0: Called Strike 0-1: Fly out, F7 (Flyball, 7, EV 68.1 MPH)
|
|
Batting: LHB James Atkinson
|
0-0: Foul Ball, location: 2F 0-1: Ball 1-1: Ball 2-1: Ball 3-1: Base on Balls
|
|
Batting: RHB Matt Sinatro
|
0-0: Foul Ball, location: 2F 0-1: Ball 1-1: Fielders Choice at 2nd, 5-4 (Groundball, 56, EV 86.9 MPH)
|
| Bottom of the 5th over - 0 runs, 0 hits, 0 errors, 1 left on base; St. Petersburg 1 - Fort Myers 3 |
| TOP OF THE 6TH |
|
St. Petersburg Saints batting - Pitching for Fort Myers Palms : LHP Mel Estrada
|
|
Batting: RHB Ric Despaux
|
0-0: Ball 1-0: Ball 2-0: Called Strike 2-1: SOLO HOME RUN (Flyball, 7D, EV 98.8 MPH), Distance : 380 ft
|
|
Batting: RHB Jerry Johnson
|
0-0: Foul Ball, location: 2F 0-1: Foul Ball, location: 2F 0-2: Ground out 6-3 (Groundball, 6, EV 84.4 MPH)
|
|
Batting: RHB Randy Ingle
|
0-0: Ball 1-0: Ball 2-0: Foul Ball, location: 2F 2-1: Foul Ball, location: 2F 2-2: Fly out, F9 (Flyball, 9S, EV 86.9 MPH)
|
|
Batting: RHB Joe Lansford
|
0-0: Called Strike 0-1: Fly out, F4 (Popup, 4, EV 73.1 MPH)
|
| Top of the 6th over - 1 run, 1 hit, 0 errors, 0 left on base; St. Petersburg 2 - Fort Myers 3 |
| BOTTOM OF THE 6TH |
|
Fort Myers Palms batting - Pitching for St. Petersburg Saints : RHP Gerardo Moreno
|
|
Batting: RHB Carl Nichols
|
0-0: Ball 1-0: SINGLE (Flyball, 8LS, EV 96.9 MPH)
|
|
Batting: SHB Porter Wyatt
|
0-0: Ball 1-0: Ball 2-0: Ball 3-0: Called Strike 3-1: Base on Balls Carl Nichols to second
|
|
Batting: RHB Jay Greb
|
0-0: Sac Bunt to 15 - play at first, batter OUT! 1-4 Carl Nichols to third Porter Wyatt to second
|
|
Batting: RHB Paul Fryer
|
0-0: Foul Ball, location: 2F 0-1: Foul Ball, location: 2F 0-2: Ball 1-2: Ground out 5-3 (Groundball, 56S, EV 83.8 MPH)
|
|
Batting: RHB Stanley Baker
|
0-0: Intentional Walk
|
|
Batting: RHB Johnny Evans
|
0-0: Ball 1-0: Ball 2-0: Called Strike 2-1: Ground out 1-3 (Groundball, 13, EV 65.6 MPH)
|
| Bottom of the 6th over - 0 runs, 1 hit, 0 errors, 3 left on base; St. Petersburg 2 - Fort Myers 3 |
| TOP OF THE 7TH |
|
St. Petersburg Saints batting - Pitching for Fort Myers Palms : LHP Mel Estrada
|
|
Batting: RHB Roberto Alvarez
|
0-0: Ball 1-0: Called Strike 1-1: Ball 2-1: Ground out 5-3 (Groundball, 56, EV 101.9 MPH)
|
|
Batting: RHB Jeff Pyburn
|
0-0: Foul Ball, location: 2F 0-1: Foul Ball, location: 2F 0-2: Ball 1-2: Foul Ball, location: 2F 1-2: Strikes out looking
|
|
Batting: RHB Pablo Carballo
|
0-0: Fly out, F9 (Flyball, 9S, EV 74.4 MPH)
|
| Top of the 7th over - 0 runs, 0 hits, 0 errors, 0 left on base; St. Petersburg 2 - Fort Myers 3 |
| BOTTOM OF THE 7TH |
|
Fort Myers Palms batting - Pitching for St. Petersburg Saints : RHP Gerardo Moreno
|
|
Batting: LHB Gus Burgess
|
0-0: Ball 1-0: Ball 2-0: Called Strike 2-1: Fly out, F7 (Line Drive, 7, EV 89.4 MPH)
|
|
Batting: LHB James Atkinson
|
0-0: Called Strike 0-1: Ground out 4-3 (Groundball, 4, EV 87.5 MPH)
|
|
Batting: RHB Matt Sinatro
|
0-0: Ball 1-0: Ball 2-0: Swinging Strike 2-1: Foul Ball, location: 2F 2-2: Foul Ball, location: 2F 2-2: Fly out, F8 (Flyball, 8LD, EV 103.1 MPH)
|
| Bottom of the 7th over - 0 runs, 0 hits, 0 errors, 0 left on base; St. Petersburg 2 - Fort Myers 3 |
| TOP OF THE 8TH |
|
St. Petersburg Saints batting - Pitching for Fort Myers Palms : LHP Mel Estrada
|
|
Batting: LHB Terry Blocker
|
0-0: Ground out 6-3 (Groundball, 6, EV 84.4 MPH)
|
|
Batting: RHB Rock Coyle
|
0-0: SOLO HOME RUN (Line Drive, 78XD, EV 104.4 MPH), Distance : 436 ft
|
|
Batting: RHB Ric Despaux
|
0-0: Foul Ball, location: 2F 0-1: Called Strike 0-2: Strikes out swinging
|
|
Batting: RHB Jerry Johnson
|
0-0: Foul Ball, location: 2F 0-1: Foul Ball, location: 2F 0-2: Foul Ball, location: 2F 0-2: Foul Ball, location: 2F 0-2: Ball 1-2: Ball 2-2: Ground out 5-3 (Groundball, 5, EV 91.3 MPH)
|
| Top of the 8th over - 1 run, 1 hit, 0 errors, 0 left on base; St. Petersburg 3 - Fort Myers 3 |
| BOTTOM OF THE 8TH |
|
Fort Myers Palms batting - Pitching for St. Petersburg Saints : RHP Gerardo Moreno
|
|
Batting: RHB Carl Nichols
|
0-0: Called Strike 0-1: Ball 1-1: Ball 2-1: Fly out, F4 (Popup, 4M, EV 76.3 MPH)
|
|
Batting: SHB Porter Wyatt
|
0-0: Ball 1-0: SINGLE (Groundball, 6S, EV 60.6 MPH) (infield hit)
|
|
Batting: RHB Jay Greb
|
0-0: Ball 1-0: Bunted foul 1-1: Sac Bunt to 25 - play at first, batter OUT! 5-4 Porter Wyatt to second
|
|
Batting: RHB Paul Fryer
|
0-0: Swinging Strike 0-1: Ball 1-1: Ball 2-1: Foul Ball, location: 2F 2-2: Fly out, F7 (Flyball, 7, EV 80.6 MPH)
|
| Bottom of the 8th over - 0 runs, 1 hit, 0 errors, 1 left on base; St. Petersburg 3 - Fort Myers 3 |
| TOP OF THE 9TH |
|
St. Petersburg Saints batting - Pitching for Fort Myers Palms : LHP Mel Estrada
|
|
Pitching: RHP David Thornton
|
|
|
Batting: RHB Randy Ingle
|
0-0: Ball 1-0: Fly out, F7 (Flyball, 7D, EV 95.0 MPH)
|
|
Pinch Hitting: LHB Omar de la Torre
|
0-0: Ball 1-0: Called Strike 1-1: DOUBLE (Groundball, 3L, EV 101.3 MPH)
|
|
Pinch Hitting: LHB Al Leboeuf
|
0-0: Ball 1-0: Swinging Strike 1-1: Ground out 6-3 (Groundball, 6, EV 88.1 MPH) Omar de la Torre to third
|
|
Batting: RHB Jeff Pyburn
|
0-0: Intentional Walk
|
|
Pinch Hitting: RHB Dave Clements
|
0-0: Ball 1-0: Called Strike 1-1: Ball 2-1: Reached on error, E4 (Groundball, 34, EV 82.5 MPH) Omar de la Torre scores Jeff Pyburn to second
|
|
Batting: LHB Terry Blocker
|
0-0: Called Strike 0-1: Foul Ball, location: 2F 0-2: DOUBLE (Line Drive, 78D, EV 105.6 MPH) Jeff Pyburn scores Dave Clements to third Runner from 3rd tries for Home, SAFE, throw by CF to home
|
|
Batting: RHB Rock Coyle
|
0-0: Called Strike 0-1: Ball 1-1: Ball 2-1: Ball 3-1: Base on Balls
|
|
Batting: RHB Ric Despaux
|
0-0: Ball 1-0: Called Strike 1-1: Fielders Choice at 2nd, U6 (Groundball, 6M, EV 82.5 MPH)
|
| Top of the 9th over - 3 runs, 2 hits, 1 error, 2 left on base; St. Petersburg 6 - Fort Myers 3 |
| BOTTOM OF THE 9TH |
|
Fort Myers Palms batting - Pitching for St. Petersburg Saints : RHP Gerardo Moreno
|
|
Now at 1B: Melvin Godard
|
|
|
Now at 3B: Pablo Cavallo
|
|
|
Now at SS: Dave Clements
|
|
|
Now in CF: Francisco Escalera
|
|
|
Batting: RHB Stanley Baker
|
0-0: Ball 1-0: Ball 2-0: Fly out, F9 (Flyball, 9, EV 96.3 MPH)
|
|
Batting: RHB Johnny Evans
|
0-0: Ball 1-0: Foul Ball, location: 2F 1-1: Called Strike 1-2: Fly out, F3 (Popup, 3S, EV 85.0 MPH)
|
|
Batting: LHB Gus Burgess
|
0-0: Ground out U3 (Groundball, 3L, EV 83.8 MPH)
|
| Bottom of the 9th over - 0 runs, 0 hits, 0 errors, 0 left on base; St. Petersburg 6 - Fort Myers 3 |
|